 Dungeon Crawl Stone Soup version 0.27-a0-1196-g3e9cee4cb2 (webtiles) character file.

Game seed: 524860934128678093

240 ZappyNine the Covered (level 6, -5/45 (47) HPs)
             Began as a Human Fighter on May 29, 2021.
             Slain by Crazy Yiuf
             ... wielding a +2 quarterstaff of chaos
              (10 damage)
             ... on level 3 of the Dungeon.
             The game lasted 00:02:40 (3765 turns).

ZappyNine the Covered (Human Fighter)               Turns: 3765, Time: 00:02:40

HP:   -5/45 (47)    AC: 12    Str: 17    XL:     6   Next: 29%
MP:   6/6           EV:  3    Int:  8    God:
Gold: 158           SH:  9    Dex: 14    Spells: 5/5 levels left

rFire    + . .     SeeInvis .   a - +0 long sword
rCold    + . .     Faith    .   c - +0 kite shield
rNeg     . . .     Spirit   .   m - +0 plate armour
rPois    +         Reflect  .   (no helmet)
rElec    +         Harm     .   (no cloak)
rCorr    +         Rampage  .   (no gloves)
Will     .....                  (no boots)
Stlth    ..........             (no amulet)
HPRegen  0.15/turn              (no ring)
MPRegen  0.10/turn              (no ring)

@: resistant, lightly drained
A: no striking features
a: no special abilities


You were on level 3 of the Dungeon.
You visited 1 branch of the dungeon, and saw 3 of its levels.

You collected 158 gold pieces.

Inventory:

Hand Weapons
 a - a +0 long sword (weapon)
Missiles
 q - 2 throwing nets (quivered)
Armour
 b - a +0 scale mail
 c - a +0 kite shield (worn)
 m - a +0 plate armour (worn)
Jewellery
 n - a ring of poison resistance
 t - an amulet of faith
Scrolls
 d - a scroll of vulnerability {unknown}
 e - 3 scrolls of identify {unknown}
 f - a scroll of blinking {unknown}
 h - a scroll of fear {unknown}
 j - a scroll of enchant armour {unknown}
 k - a scroll of magic mapping {unknown}
 r - a scroll of brand weapon {unknown}
 s - a scroll of teleportation {unknown}
Potions
 i - 2 potions of degeneration {unknown}
 l - a potion of curing {unknown}
 o - a potion of flight {unknown}
 p - a potion of magic {unknown}


   Skills:
 - Level 3.3 Fighting
 - Level 2.4 Long Blades
 + Level 6.0 Armour
 - Level 3.3 Shields


You had 5 spell levels left.
You didn't know any spells.
Your spell library contained the following spells:

 Spells                   Type           Power      Damage    Failure   Level
 Confusing Touch          Hex            0%         N/A       100%        3
 Gell's Gravitas          Tloc           0%         N/A       100%        3
 Petrify                  Tmut/Erth      0%         N/A       100%        4
 Metabolic Englaciation   Hex/Ice        0%         N/A       100%        5
 Yara's Violent Unravell  Hex/Tmut       0%         3d3       100%        5


Dungeon Overview and Level Annotations

Branches:
Dungeon (3/15)

Altars:
Nemelex Xobeh
Uskayaw

Shops:
D:3 *

Annotations:
D:3 , 2 transporters, Crazy Yiuf


Message History

You barely miss Crazy Yiuf.
Crazy Yiuf is heavily wounded.
Crazy Yiuf glowers.
Crazy Yiuf hits you with a +2 quarterstaff of chaos! x2
Crazy Yiuf draws strength from your wounds!
Unknown command.
Your plate armour prevents you from hitting Crazy Yiuf.
Crazy Yiuf is lightly wounded.
You block Crazy Yiuf's attack.
Crazy Yiuf hits you with a +2 quarterstaff of chaos.
You barely miss Crazy Yiuf.
Crazy Yiuf is lightly wounded.
You block Crazy Yiuf's attack.
You hit Crazy Yiuf but do no damage.
Crazy Yiuf is lightly wounded.
Crazy Yiuf hits you but does no damage.
Crazy Yiuf hits you with a +2 quarterstaff of chaos!
* * * LOW HITPOINT WARNING * * *
Space bends around you.
* * * LOW HITPOINT WARNING * * *
You hit Crazy Yiuf.
Crazy Yiuf is moderately wounded.
You block Crazy Yiuf's attack.
Unknown command.
You hit Crazy Yiuf.
Crazy Yiuf is heavily wounded.
Crazy Yiuf hits you with a +2 quarterstaff of chaos.
* * * LOW HITPOINT WARNING * * *
Crazy Yiuf screams, "Race pizzabubble hog!"
You block Crazy Yiuf's attack.
Unknown command.
You closely miss Crazy Yiuf.
Crazy Yiuf is heavily wounded.
You block Crazy Yiuf's attack.
Unknown command.
You closely miss Crazy Yiuf.
Crazy Yiuf is heavily wounded.
Crazy Yiuf cries, "Race mumblescurry fast!"
Crazy Yiuf hits you with a +2 quarterstaff of chaos!
You die...

..#.# ..#.#
..#.# ..#.#
##### ..#.#
#)..# ..#.#
#...# ⌠.#.# ...
'##.########
#g#
....##.....#
#@##
...#...#####
##.# .#.#.###
#.## .#...#
##.# ####.#
##.## .#...#
##P..# .#.###
#P.P.# ...#
#### #....#
#.##
#..####+..+####


You could see Crazy Yiuf.

Vanquished Creatures
  A necrophage (D:3)
  An orc wizard (D:3)
  An iguana (D:3)
  3 adders
  3 worms
  2 dart slugs
  3 orcs (D:3)
  9 endoplasms
  5 giant cockroaches
  6 goblins
  4 hobgoblins
  4 jackals (D:3)
  4 kobolds
  3 quokkas
  6 ball pythons
  6 bats
  A frilled lizard (D:3)
  A rat (D:2)
63 creatures vanquished.

Notes
Turn   | Place    | Note
-------+----------+-------------------------------------------
     0 | D:1      | ZappyNine the Human Fighter began the quest for the Orb.
     0 | D:1      | Reached XP level 1. HP: 18/18 MP: 1/1
   240 | D:1      | Reached XP level 2. HP: 24/24 MP: 2/2
   683 | D:1      | Reached XP level 3. HP: 21/29 MP: 3/3
  1002 | D:1      | Found a faded altar of an unknown god.
  1888 | D:2      | Reached XP level 4. HP: 35/35 MP: 4/4
  2065 | D:2      | Reached skill level 4 in Armour
  2549 | D:3      | Noticed a necrophage
  2565 | D:3      | Killed a necrophage
  2566 | D:3      | Reached skill level 5 in Armour
  2566 | D:3      | Reached XP level 5. HP: 24/41 MP: 5/5
  2869 | D:3      | Reached XP level 6. HP: 34/47 MP: 6/6
  3072 | D:3      | Found a runed translucent door.
  3073 | D:3      | Noticed Crazy Yiuf
  3138 | D:3      | Found Ceh Yrou's Assorted Antiques.
  3174 | D:3      | Found a sparkling altar of Nemelex Xobeh.
  3176 | D:3      | Found a hide-covered altar of Uskayaw.
  3341 | D:3      | Found a transporter.
  3357 | D:3      | Found a transporter.
  3498 | D:3      | Reached skill level 6 in Armour
  3765 | D:3      | Slain by Crazy Yiuf

Illustrated notes

Levels and vault maps discovered:
D:1:      scummos_arrival_simple_crosswalls, layout_loops_ring,
          shapermc_ecumenical_altar_mp_highgroup, minmay_pentomino_s2
D:2:      layout_loops_corners, serial_forest, infiniplex_forest_straight_2,
          infiniplex_forest_straight_2, infiniplex_forest_straight_4,
          infiniplex_forest_straight_1, infiniplex_forest_clump_medium,
          infiniplex_forest_clump_tiny, infiniplex_forest_zigzag_2,
          infiniplex_forest_straight_4, infiniplex_forest_lined_corner,
          infiniplex_forest_clump_C, kennysheep_small_spiral
D:3:      gammafunk_steamed_eel, layout_loops_cross, jmf_multi_god_temple,
          serial_shops, shop_statue, corexii_item_surrounded_by_moat,
          uniq_crazy_yiuf_cottage

Skill      XL: |  1  2  3  4  5  6 |
---------------+-------------------+-----
Armour         | 5 6 |  6.0
Fighting       | |  3.3
Long Blades    | |  2.4
Shields        | |  3.3

Action                   |  1- 3 |  4- 6 || total
-------------------------+-------+-------++-------
Melee: Long sword        |    94 |   174 ||   268
  Use: Potion            |       |     2 ||     2
Armor: Scale mail        |    34 |       ||    34
       Plate armour      |    38 |   136 ||   174
Dodge: Dodged            |    27 |    25 ||    52
Block: Kite shield       |    58 |   102 ||   160
       Rpst.: Long sword |    13 |     8 ||    21

Table legend: (Time is in decaauts)
 A = Elapsed time spent in this place.
 B = Non-inter-level travel time spent in this place.
 C = Inter-level travel time spent in this place.
 D = Time resting spent in this place.
 E = Time spent auto-exploring this place.
 F = Levels seen in this place.
 G = Mean time per level.
                   A        B        C        D        E       F      G
               +--------+--------+--------+--------+--------+-----+--------+
         Total |   3903 |   3810 |     93 |    252 |   2894 |   3 | 1301.0 |
       Dungeon |   3903 |   3810 |     93 |    252 |   2894 |   3 | 1301.0 |
               +--------+--------+--------+--------+--------+-----+--------+

Top non-repeatable levels by time:
     D:2: 1407 daAuts
     D:3: 1299 daAuts
     D:1: 1196 daAuts
